 Dungeon Crawl Stone Soup version 0.24.0-125-gc4c63601f3 (webtiles) character file.

Game seed: 4242167653482074888, levelgen mode: deterministic

43 Defined the Chopper (level 3, -3/29 HPs)
             Began as a Demonspawn Chaos Knight on Feb 29, 2020.
             Was a Plaything of Xom.
             Slain by a worm (9 damage)
             ... on level 2 of the Dungeon.
             The game lasted 00:02:32 (1197 turns).

Defined the Chopper (Demonspawn Chaos Knight)       Turns: 1197, Time: 00:02:33

Health: -3/29      AC:  5    Str: 13    XL:     3   Next: 37%
Magic:  3/3        EV: 11    Int: 18    God:    Xom [......]
Gold:   53         SH:  0    Dex: 12    Spells: 2/2 levels left

rFire    . . .     SeeInvis .   a - +0 hand axe (chaos)
rCold    . . .     Gourm    .   (no shield)
rNeg     . . .     Faith    .   b - +2 leather armour
rPois    .         Spirit   .   (no helmet)
rElec    .         Reflect  .   h - scarf {repulsion}
rCorr    .         Harm     .   (no gloves)
MR       .....                  (no boots)
Stlth    +.........             (no amulet)
HPRegen  0.09/turn              (no ring)
MPRegen  0.08/turn              (no ring)

@: brilliant, lethally poisoned (-3 -> -5), flying, repel missiles
A: demonic guardian 1
a: Renounce Religion


You were on level 2 of the Dungeon.
You worshipped Xom.
You were a very special plaything of Xom.
You were not hungry.

You visited 1 branch of the dungeon, and saw 2 of its levels.

You collected 53 gold pieces.

Inventory:

Hand Weapons
 a - a +0 hand axe of chaos (weapon)
Armour
 b - a +2 leather armour (worn)
 h - a scarf of repulsion (worn)
Scrolls
 e - a scroll of remove curse {unknown}
 f - a scroll of teleportation {unknown}
 g - a scroll of fog {unknown}
Comestibles
 c - a ration


   Skills:
 + Level 3.4 Fighting
 + Level 3.4 Axes
 + Level 2.1 Armour
 + Level 1.1 Dodging
 + Level 0.2 Stealth


You had 2 spell levels left.
You didn't know any spells.
Your spell library was empty.

Dungeon Overview and Level Annotations

Branches:
Dungeon (2/15)

Altars:

Annotations:
D:2 1 runed translucent door, Crazy Yiuf


Innate Abilities, Weirdness & Mutations

A weak demonic guardian rushes to your aid.


Message History

You feel sick. The adder closely misses you.
The kobold throws a stone.
The stone hits you.
You see here a stone.
The adder completely misses you.
The kobold throws a stone.
The stone barely misses you.
You see here 3 stones.
You feel sick. The adder bites you but does no damage.
You kill the adder!
It was a potion of flight.
You feel very buoyant.
You fly up into the air.
You feel sick.
It was a potion of brilliance.
You feel clever all of a sudden.
You feel sick.
You hit the worm.
The worm seems to slow down.
The worm is moderately wounded.
You hit the worm.
Space bends around the worm.
The worm is almost dead.
You feel sick. The worm bites you!
You die...

##### #...#
### ...
##.#.# #<#
.... #....#
#.# ...K.
#..#####.##
.....##
#......#..#
....>..##
#@####.##.#
#..#..# #w#
#.##.##
#....###l#
#)....##
#.#.(...K#
#......##
#...l(####
######..#
##..((##
##.##
#..(..#
#..#
##..#.#
##.#
....#..#
#.##


You could see a worm, a kobold and a frilled lizard.

Vanquished Creatures
  An adder (D:2)
  A dart slug (D:1)
  A leopard gecko (D:2)
  A ball python (D:1)
  3 bats (D:1)
  A giant cockroach (D:1)
  3 goblins (D:1)
  5 hobgoblins (D:1)
  3 jackals (D:1)
  6 kobolds
  3 rats (D:1)
28 creatures vanquished.

Notes
Turn   | Place    | Note
-------+----------+-------------------------------------------
     0 | D:1      | Defined the Demonspawn Chaos Knight began the quest for the
                  | Orb.
     0 | D:1      | Reached XP level 1. HP: 18/18 MP: 1/1
    40 | D:1      | Gained mutation: A weak demonic guardian rushes to your
                  | aid. [demonic ancestry]
    40 | D:1      | Reached XP level 2. HP: 22/24 MP: 2/2
   827 | D:1      | XOM: 2-stop teleportation journey
   855 | D:1      | XOM: harmless Tloc miscast
   894 | D:1      | Reached XP level 3. HP: 29/29 MP: 3/3
  1120 | D:2      | Found a runed translucent door.
  1121 | D:2      | Noticed Crazy Yiuf
  1171 | D:2      | Reached skill level 1 in Dodging
  1184 | D:2      | XOM: smoke on damage
  1197 | D:2      | Slain by a worm

Levels and vault maps discovered:
D:1:      beargit_arrival_greenhouse, layout_basic
D:2:      layout_basic, nicolae_overflow_hidden_temple, old_standard_altar,
          uniq_crazy_yiuf_cottage, uniq_robin

Skill      XL: |  1  2  3 |
---------------+----------+-----
Axes           | 3 |  3.4
Armour         | 2 |  2.1
Dodging        | 1 |  1.1
Fighting       | |  3.4
Stealth        | |  0.2

Action                   || total
-------------------------++-------
Melee: Hand axe          ||    74
  Use: Potion            ||     2
 Stab: Paralysed         ||     2
  Eat: Chunk             ||     1
Armor: Leather armour    ||    32
Dodge: Dodged            ||    71
       Deflected         ||     3
